 Dungeon Crawl Stone Soup version 0.28-a0-655-g4eb62b627b (webtiles) character file.

Game seed: 3621647534214418646

185 KoroneIsBestGirl the Chiller (level 5, 0/35 HPs)
             Began as a Barachi Ice Elementalist on Oct 13, 2021.
             Killed from afar by a white imp (6 damage)
             ... with a puff of frost
             ... on level 4 of the Dungeon.
             The game lasted 00:05:49 (3998 turns).

KoroneIsBestGirl the Chiller (BaIE)                 Turns: 3998, Time: 00:05:49

Health: 0/35       AC:  4    Str: 10    XL:     5   Next: 64%
Magic:  10/10      EV: 13    Int: 16    God:
Gold:   139        SH:  0    Dex: 12    Spells: 7/11 levels left

rFire   . . .      SeeInvis .   i - +4 dagger
rCold   . . .      Faith    .   (no shield)
rNeg    . . .      Spirit   .   a - +0 robe
rPois   .          Reflect  .   (no helmet)
rElec   .          Harm     .   p - +0 cloak
rCorr   .          Rampage  .   f - +0 pair of gloves
Will    .....                   (no boots)
Stlth   ++........              (no amulet)
HPRegen 0.11/turn               e - ring of wizardry
MPRegen 0.12/turn               (no ring)

@: unable to hop, slow
A: amphibious, slowness 1, strong legs 1, +LOS
a: Hop


You were on level 4 of the Dungeon.
You visited 1 branch of the dungeon, and saw 4 of its levels.

You collected 139 gold pieces.

Inventory:

Hand Weapons
 b - a +0 club
 i - a +4 dagger (weapon)
Armour
 a - a +0 robe (worn)
 f - a +0 pair of gloves (worn)
 p - a +0 cloak (worn)
Jewellery
 e - a ring of wizardry (left hand)
Scrolls
 c - 2 scrolls of enchant weapon {unknown}
 d - a scroll of identify {unknown}
 g - a scroll of teleportation {unknown}
 n - a scroll of brand weapon {unknown}
 o - a scroll of enchant armour {unknown}
Potions
 h - a potion of resistance {unknown}
 j - 5 potions of haste {unknown}
 k - a potion of flight {unknown}
 l - a potion of curing {unknown}
 m - 2 potions of lignification {unknown}


   Skills:
 + Level 4.0 Dodging
 - Level 1.7 Stealth
 + Level 3.6 Spellcasting
 + Level 6.1 Ice Magic


You had 7 spell levels left.
You knew the following spells:

 Your Spells              Type           Power      Damage    Failure   Level
a - Freeze                Ice            88%        1d10      1%          1
b - Frozen Ramparts       Ice            44%        1d6       1%          3

Your spell library contained the following spells:

 Spells                   Type           Power      Damage    Failure   Level
 Ozocubu's Armour         Ice            22%        N/A       1%          3
 Blink                    Tloc           N/A        N/A       11%         2
 Passwall                 Tmut/Erth      1%         N/A       11%         2
 Hailstorm                Conj/Ice       12%        3d5       19%         4
 Lesser Beckoning         Tloc           2%         N/A       21%         3
 Swiftness                Air            2%         N/A       21%         3
 Manifold Assault         Tloc           2%         N/A       86%         5
 Invisibility             Hex            1%         N/A       100%        6


Dungeon Overview and Level Annotations

Branches:
Dungeon (4/15)
 Temple: D:4-7

Altars:
Elyvilon
Zin

Shops:
D:2 *?!   D:3 (


Innate Abilities, Weirdness & Mutations

You are amphibious.
You cover ground slowly.
You can hop short distances.
You have an extended range of vision and can be seen from far away.


Message History

No target in view!
No target in view!
No target in view!
No target in view!
No target in view!
No target in view!
HP restored.
j - 5 cyan potions (gained 1)
You pick up a book of Spatial Translocations and begin reading...
You add the spells Blink, Lesser Beckoning and Manifold Assault to your library.
Found a spear.
Okay, then.
A white imp comes into view.
Found 14 gold pieces and a scroll labelled PAOSURPHUJOWK.
A white imp is nearby!
An orc comes into view. It is wielding a +0 dagger.
Found a scroll labelled KOZUOG UFIZIRPHI.
Found a stone staircase leading down.
The white imp shouts, "Decamp, thou villainous hell-hated dandiprat!"
The orc shouts!
You hear a shout! x2
An orc comes into view. It is wielding a +0 flail.
Found a ring mail.
The white imp gestures at you. The puff of frost hits you!
The white imp gestures at you. The puff of frost hits you!
You see here 11 gold pieces.
The white imp gestures at you. The puff of frost hits you!
* * * LOW HITPOINT WARNING * * *
Hop to where?
Press: ? - help, Dir - move target Boing!
The white imp gestures at you. The puff of frost hits you.
* * * LOW HITPOINT WARNING * * *
A white imp is nearby!
The white imp gestures at you. The puff of frost hits you.
You die...

...........#...#.# ##
.......5...##....# ..#
.........####....###..#.
#........#....##....... .
.............## #..... .#
#........#.### ##..### .#
#.........5#####...# ..
##................## .#
.........#....#.@.# ..#
.........##..##...###..#
.....##..#...##...#....#
..##.#......#####.<.†..##..
..#...........# #..........#
##......###....##..###.....#
##....## #.##..#.## ...##
#....## ### ...# .## #....
..## #


You could see a white imp.

Vanquished Creatures
  A hound skeleton (D:4)
  3 gnolls (D:2)
  6 adders
  6 worms
  A dart slug (D:2)
  3 orcs
  6 endoplasms
  4 giant cockroaches
  5 goblins
  6 hobgoblins
  3 quokkas
  8 ball pythons
  8 bats
  2 frilled lizards (D:2)
  2 kobolds (D:1)
  6 rats
70 creatures vanquished.

Notes
Turn   | Place    | Note
-------+----------+-------------------------------------------
     0 | D:1      | KoroneIsBestGirl the Barachi Ice Elementalist began the
                  | quest for the Orb.
     0 | D:1      | Reached XP level 1. HP: 13/13 MP: 3/3
    44 | D:1      | Reached skill level 5 in Ice Magic
   245 | D:1      | Reached XP level 2. HP: 7/19 MP: 1/5
  1028 | D:1      | Reached XP level 3. HP: 23/24 MP: 0/6
  1545 | D:1      | Learned a level 3 spell: Frozen Ramparts
  1551 | D:2      | Reached XP level 4. HP: 19/30 MP: 1/8
  1670 | D:2      | Found Dinwakyw's Magic Scroll Boutique.
  1918 | D:2      | Found Zikliupn's Distillery.
  2547 | D:2      | Found Loapov's Assorted Antiques.
  2547 | D:2      | Found a faded altar of an unknown god.
  2554 | D:2      | Reached XP level 5. HP: 35/35 MP: 7/10
  3038 | D:3      | Found a glowing silver altar of Zin.
  3119 | D:3      | Found a white marble altar of Elyvilon.
  3126 | D:3      | Reached skill level 6 in Ice Magic
  3395 | D:3      | Found Plog's Weapon Emporium.
  3998 | D:4      | Killed from afar by a white imp

Illustrated notes

Levels and vault maps discovered:
D:1:      lightli_arrival_noodles, layout_loops_ring, hangedman_decor_lopped,
          minmay_heptomino_h4
D:2:      layout_basic, basic_ecumenical_altar, serial_shops, shop, shop, shop
D:3:      layout_loops_ring, zin_statuary, lemuel_round_altar, serial_shops,
          shop, minmay_misc_feat_square
D:4:      layout_cave_pools, minmay_temple_entry_overgrown, serial_shops,
          nicolae_square_shop

Skill      XL: |  1  2  3  4  5 |
---------------+----------------+-----
Ice Magic      | 5 6 |  6.1
Dodging        | 3 4 |  4.0
Spellcasting   | 3 |  3.6
Stealth        | |  1.7

Action                   |  1- 3 |  4- 6 || total
-------------------------+-------+-------++-------
Melee: Unarmed           |     6 |       ||     6
       Club              |    13 |       ||    13
       Dagger            |     2 |    22 ||    24
 Cast: Freeze            |    47 |    66 ||   113
       Frozen Ramparts   |     1 |     3 ||     4
 Abil: Hop               |       |     1 ||     1
Armor: Robe              |    15 |    19 ||    34
Dodge: Dodged            |    46 |    44 ||    90

Table legend: (Time is in decaauts)
 A = Elapsed time spent in this place.
 B = Non-inter-level travel time spent in this place.
 C = Inter-level travel time spent in this place.
 D = Time resting spent in this place.
 E = Time spent auto-exploring this place.
 F = Levels seen in this place.
 G = Mean time per level.
                   A        B        C        D        E       F      G
               +--------+--------+--------+--------+--------+-----+--------+
         Total |   4397 |   4181 |    216 |      0 |   3601 |   4 | 1099.2 |
       Dungeon |   4397 |   4181 |    216 |      0 |   3601 |   4 | 1099.2 |
               +--------+--------+--------+--------+--------+-----+--------+

Top non-repeatable levels by time:
     D:1: 1544 daAuts
     D:2: 1541 daAuts
     D:3: 1159 daAuts
     D:4: 152 daAuts
